 Dungeon Crawl Stone Soup version 0.31-a0-1469-gd420192249 (webtiles) character file.

Game seed: 4444211703509592512

530 voltaire321 the Sneak (level 7, -2/40 HPs)
             Began as a Deep Elf Earth Elementalist on Dec 29, 2023.
             Slain by Grinder (9 damage)
             ... while paralysed by Grinder
             ... on level 4 of the Dungeon.
             The game lasted 00:11:46 (3533 turns).

voltaire321 the Sneak (Deep Elf Earth Elementalist) Turns: 3533, Time: 00:11:47

Health: -2/40      AC:  8    Str:  7    XL:     7   Next: 3%
Magic:  7/15       EV:  2    Int: 20    God:
Gold:   212        SH:  0    Dex: 15    Spells: 1/14 levels left

rFire   . . .        c - +0 short sword
rCold   . . .        (no shield)
rNeg    . . .        g - +3 leather armour "Vogocay" {Will+ rCorr}
rPois   .            d - +0 helmet
rElec   .            k - +0 cloak
rCorr   +            (no gloves)
SInv    .            (no boots)
Will    +....        a - amulet of reflection
Stlth   ++           (no ring)
HPRegen 0.26/turn    (no ring)
MPRegen 0.14/turn

%: reflection
@: paralysed, very slightly contaminated
A: no striking features
a: no special abilities


You were on level 4 of the Dungeon.
You visited 1 branch of the dungeon, and saw 4 of its levels.
You also visited: Sewer.

You collected 212 gold pieces.

Inventory:

Hand Weapons
 c - a +0 short sword (weapon)
Missiles
 n - a throwing net
Armour
 d - a +0 helmet (worn)
 g - the +3 leather armour "Vogocay" (worn) {Will+ rCorr}
   (You found it on level 2 of the Dungeon)

   Will+:     It increases your willpower.
   rCorr:     It protects you from acid and corrosion.
 k - a +0 cloak (worn)
Jewellery
 a - an amulet of reflection (around neck)
Wands
 m - a wand of iceblast (7)
Scrolls
 e - 2 scrolls of blinking {unknown}
 i - a scroll of revelation {unknown}
 j - a scroll of poison {unknown}
 q - a scroll of vulnerability {unknown}
 r - a scroll of identify {unknown}
Potions
 f - a potion of resistance {unknown}
 h - a potion of might {unknown}
 l - a potion of haste
 o - a potion of attraction {unknown}
 p - a potion of curing {unknown}


   Skills:
 + Level 2.2 Fighting
 + Level 2.0 Armour
 + Level 4.0 Dodging
 + Level 4.3 Stealth
 + Level 4.3 Spellcasting
 + Level 2.0 Conjurations
 + Level 0.4 Summonings
 + Level 4.2 Earth Magic
 + Level 2.6 Alchemy


You had one spell level left.
You knew the following spells:

 Your Spells              Type           Power      Damage    Failure   Level
a - Sandblast             Erth           42%        2d11      3%          1
b - Passwall              Erth           21%        N/A       10%         3
c - Stone Arrow           Conj/Erth      32%        3d9       16%         3
d - Olgreb's Toxic Radia  Alch           14%        N/A       52%         4
e - Call Imp              Summ           12%        N/A       22%         2

Your spell library contained the following spells:

 Spells                   Type           Power      Damage    Failure   Level
 Sting                    Conj/Alch      52%        1d6       7%          1
 Magic Dart               Conj           48%        1d5       8%          1
 Mercury Vapours          Alch/Air       18%        N/A       16%         2
 Blink                    Tloc           8%         N/A       28%         2
 Petrify                  Alch/Erth      18%        N/A       41%         4
 Brom's Barrelling Bould  Conj/Erth      16%        2d4       45%         4
 Volatile Blastmotes      Fire/Tloc      8%         2d10      50%         3
 Fulminant Prism          Conj/Alch      6%         3d7       56%         4
 Iskenderun's Mystic Bla  Conj/Tloc      8%         2d4       77%         4


Dungeon Overview and Level Annotations

Branches:
Dungeon (4/15)              Sewer (visited)
 Temple: D:4-7

Altars:
Hepliaklqana
Nemelex Xobeh

Shops:
D:1 (

Annotations:
D:4 Dowan, Duvessa, Edmund, Grinder


Message History

Aim: Grinder (heavily wounded, 64% to hit)
You miscast Stone Arrow.
You are very lightly contaminated with residual magic.
Nothing appears to happen.
Casting: Stone Arrow (dangerous; 16% risk of failure)
Confirm with . or Enter, or press ? or * to list all spells.
Aiming: Stone Arrow (dangerous; 16% risk of failure)
Press: ? - help, Shift-Dir - straight line, f/p - Grinder
Aim: Grinder (heavily wounded, 64% to hit)
You miscast Stone Arrow.
You feel a strange surge of energy!
Aiming: Sandblast (safe; 3% risk of failure)
Press: ? - help, Q - select action, (/) - cycle Shift-Dir - straight line, f/p - Grinder
Aim: Grinder (heavily wounded, 81% to hit)
The blast of sand hits Grinder.
Grinder is heavily wounded.
Grinder gestures at you. You resist with almost no effort.
Aiming: Sandblast (safe; 3% risk of failure)
Press: ? - help, Q - select action, (/) - cycle Shift-Dir - straight line, f/p - Grinder
Aim: Grinder (heavily wounded, 81% to hit)
The blast of sand hits Grinder.
Grinder is severely wounded.
Grinder hits you.
Aiming: Sandblast (safe; 3% risk of failure)
Press: ? - help, Q - select action, (/) - cycle Shift-Dir - straight line, f/p - Grinder
Aim: Grinder (severely wounded, 81% to hit)
The blast of sand hits Grinder!
Grinder is almost dead.
Grinder hits you.
You writhe in agony.
Grinder gestures at you.
You suddenly lose the ability to move!
Grinder completely misses you. Grinder hits you.
You writhe in agony.
Grinder hits you.
* * * LOW HITPOINT WARNING * * *
You writhe in agony.
* * * LOW HITPOINT WARNING * * *
Grinder hits you!
You die...
Grinder says, "Now the real fun starts!"

.....................#..§§§.....#
...@l................#...~§.~.###
.........................~~~.♣#
.#...K...............###.~~~~~#
.# .... ................♣~.~..#
## ..$ ......>................ #
.. .....##......###....... # .
.....#..<.....##...@..# .
......#@...........#
.......5..........#
#^####......#.....#
#......#.....# #...........@.
#....##.....l. #)#..# #.##...
#.#...# .# . #.#..~♣.♣#


You could see Grinder.

Vanquished Creatures
  A crocodile (Sewer)
  A brain worm (Sewer)
  3 iguanas (D:4)
  Natasha (thrice) (D:3)
  9 shadow imps (D:4)
  6 white imps (D:4)
  5 ufetubi (D:4)
  2 dart slugs (D:2)
  3 worms
  10 endoplasms
  5 giant cockroaches
  5 goblins
  5 hobgoblins
  10 jackals
  3 kobolds
  4 quokkas
  6 ball pythons
  7 bats
  8 frilled lizards
  6 rats
102 creatures vanquished.

Notes
Turn   | Place    | Note
-------+----------+-------------------------------------------
     0 | D:1      | voltaire321 the Deep Elf Earth Elementalist began the quest
                  | for the Orb.
     0 | D:1      | Reached XP level 1. HP: 10/10 MP: 6/6
    71 | D:1      | Found Peizuhis's Weapon Shop.
   168 | D:1      | Reached XP level 2. HP: 15/15 MP: 4/8
   593 | D:1      | Reached XP level 3. HP: 20/20 MP: 7/9
   597 | D:1      | Learned a level 3 spell: Passwall
   601 | D:1      | Learned a level 3 spell: Stone Arrow
   701 | D:1      | Reached skill level 1 in Fighting
   870 | D:2      | Identified the +3 leather armour "Vogocay" {Will+ rCorr}
  1543 | D:3      | Noticed Natasha
  1547 | D:3      | Killed Natasha
  1548 | D:3      | Reached skill level 1 in Armour
  1548 | D:3      | Reached XP level 4. HP: 25/25 MP: 7/11
  1617 | D:3      | Found a glowing drain.
  1621 | Sewer    | Entered a sewer
  1696 | Sewer    | Noticed a brain worm
  1708 | Sewer    | Killed a brain worm
  1709 | Sewer    | Reached skill level 1 in Conjurations
  1709 | Sewer    | Reached XP level 5. HP: 12/29 MP: 3/12
  1777 | Sewer    | Noticed a crocodile
  1789 | Sewer    | Learned a level 4 spell: Olgreb's Toxic Radiance
  1798 | Sewer    | Killed a crocodile
  2221 | D:3      | Noticed Natasha
  2225 | D:3      | Killed Natasha
  2226 | D:3      | Reached XP level 6. HP: 35/35 MP: 9/13
  2295 | D:3      | Found a sparkling altar of Nemelex Xobeh.
  2397 | D:3      | Noticed Natasha
  2405 | D:3      | Killed Natasha
  2674 | D:4      | Noticed Edmund
  3057 | D:4      | Learned a level 2 spell: Call Imp
  3075 | D:4      | Noticed Duvessa
  3075 | D:4      | Noticed Dowan
  3109 | D:4      | Found a hazy altar of Hepliaklqana.
  3294 | D:4      | Reached XP level 7. HP: 19/40 MP: 10/15
  3381 | D:4      | Noticed Grinder
  3529 | D:4      | Paralysed by Grinder for 5 turns
  3533 | D:4      | Slain by Grinder

Illustrated notes

Levels and vault maps discovered:
D:1:      roderic_dead_forest, layout_loops_ring, serial_shops,
          nicolae_shop_bloodbath_and_beyond
D:2:      layout_basic
D:3:      layout_basic, nemelex_spade_bored_becter,
          mainiacjoe_sewer_entry_somewhere_in_here_1, grunt_decor_junction,
          uniq_natasha
D:4:      layout_cave_pools, nzn_hepliaklqana_mist_gate, lemuel_tele_altar,
          serial_demonic, serial_demonic_f, serial_demonic_c, serial_demonic_g,
          serial_demonic_c, serial_demonic_f, serial_demonic_a,
          serial_demonic_c, serial_demonic_d, serial_demonic_b,
          serial_demonic_d, uniq_duvessa, uniq_edmund, uniq_grinder

Skill      XL: |  1  2  3  4  5  6 |
---------------+-------------------+-----
Fighting       | 1 2 |  2.2
Dodging        | 3 4 |  4.0
Armour         | 1 2 |  2.0
Stealth        | 3 4 |  4.3
Conjurations   | 1 2 |  2.0
Alchemy        | 2 |  2.6
Earth Magic    | 4 |  4.2
Spellcasting   | 4 |  4.3
Summonings     | |  0.4

Action                     |  1- 3 |  4- 6 |  7- 9 || total
---------------------------+-------+-------+-------++-------
  Melee: Short sword       |    12 |     7 |       ||    19
         Punch             |     1 |       |       ||     1
   Cast: Sandblast         |    65 |    99 |    10 ||   174
         Stone Arrow       |       |       |     4 ||     4
    Use: Potion            |       |       |     1 ||     1
 Armour: Robe              |    16 |       |       ||    16
         Leather armour    |     1 |    42 |    23 ||    66
  Dodge: Dodged            |    26 |    47 |    24 ||    97
  Block: Other             |       |    14 |     4 ||    18
         Reflection        |       |     1 |       ||     1

Table legend: (Time is in decaauts)
 A = Elapsed time spent in this place.
 B = Non-inter-level travel time spent in this place.
 C = Inter-level travel time spent in this place.
 D = Time resting spent in this place.
 E = Time spent auto-exploring this place.
 F = Levels seen in this place.
 G = Mean time per level.
                   A        B        C        D        E       F      G
               +--------+--------+--------+--------+--------+-----+--------+
         Total |   3633 |   3523 |    110 |    758 |   1884 |   5 |  726.6 |
       Dungeon |   3386 |   3276 |    110 |    632 |   1857 |   4 |  846.5 |
         Sewer |    246 |    246 |      0 |    126 |     27 |   1 |  246.0 |
               +--------+--------+--------+--------+--------+-----+--------+

Top non-repeatable levels by time:
     D:3: 1096 daAuts
     D:1: 882 daAuts
     D:4: 738 daAuts
     D:2: 669 daAuts
   Sewer: 246 daAuts
